 Dungeon Crawl Stone Soup version 0.31-a0-221-gbddc013574 (webtiles) character file.

Game seed: 10252089090205622792

33 ryw the Trooper (level 3, -3/29 HPs)
             Began as a Human Fighter on July 4, 2023.
             Slain by a goblin
             ... wielding a +0 club
             ... led by Robin
              (5 damage)
             ... on level 2 of the Dungeon.
             The game lasted 00:00:58 (515 turns).

ryw the Trooper (Human Fighter)                      Turns: 515, Time: 00:00:59

Health: -3/29      AC:  6    Str: 18    XL:     3   Next: 47%
Magic:  3/3        EV:  9    Int:  8    God:
Gold:   55         SH:  4    Dex: 12    Spells: 2/2 levels left

rFire   . . .        a - +0 war axe
rCold   . . .        c - +0 buckler
rNeg    . . .        b - +0 scale mail
rPois   .            (no helmet)
rElec   .            (no cloak)
rCorr   .            (no gloves)
SInv    .            (no boots)
Will    .....        (no amulet) Stlth
                     (no ring)
HPRegen 0.24/turn    (no ring)
MPRegen 0.08/turn

%: no passive effects
@: mighty
A: no striking features
a: no special abilities


You were on level 2 of the Dungeon.
You visited 1 branch of the dungeon, and saw 2 of its levels.

You collected 55 gold pieces.

Inventory:

Hand Weapons
 a - a +0 war axe (weapon)
Armour
 b - a +0 scale mail (worn)
 c - a +0 buckler (worn)


   Skills:
 + Level 3.4 Fighting
 * Level 3.1 Axes
 - Level 3.0 Armour
 - Level 3.0 Shields


You had 2 spell levels left.
You didn't know any spells.
Your spell library was empty.

Dungeon Overview and Level Annotations

Branches:
Dungeon (1/15)

Altars:

Annotations:
D:2 Robin


Message History

The goblin hits you with a +0 club. The hobgoblin hits you.
You closely miss the goblin. You closely miss the hobgoblin.
The goblin hits you but does no damage. The hobgoblin closely misses you.
The hobgoblin hits you but does no damage.
The goblin barely misses you.
Unknown command.
You closely miss the goblin. You barely miss the hobgoblin.
The goblin hits you with a +0 club. The hobgoblin barely misses you.
You closely miss the goblin. You closely miss the hobgoblin.
The goblin hits you with a +0 club.
* * * LOW HITPOINT WARNING * * *
The hobgoblin hits you.
* * * LOW HITPOINT WARNING * * *
You barely miss the goblin. You hit the hobgoblin.
You kill the hobgoblin!
The goblin unwields a +0 dagger.
The goblin wields a +0 sling.
The goblin shoots a sling bullet.
The sling bullet barely misses you.
The sling bullet hits the goblin.
The goblin dies!
Robin throws the goblin at you! The goblin barely misses you.
The goblin shoots a sling bullet.
The sling bullet hits you.
* * * LOW HITPOINT WARNING * * *
Unknown command.
You slash the goblin!
You kill the goblin!
Robin throws the goblin at you! You block the goblin's attack.
Unknown command.
You closely miss the goblin. You slash the goblin!
You kill the goblin!
The goblin closely misses you.
As you read the scroll labelled UXUTIE AFAA, it crumbles to dust.
You feel aware of your surroundings.
It was a scroll of revelation.
The adder bites you but does no damage. The goblin hits you but does no damage.
The adder bites you.
* * * LOW HITPOINT WARNING * * *
As you read the scroll labelled ELAUCI FUXET, it crumbles to dust.
It is a scroll of identify.
You don't currently have any unidentified items.
The goblin hits you with a +0 club.
You die...

#.# **########.#############
,,.........#############
,,.........#############
,,.............#########******
,,........####.####.....,,,,,*
,,........'.##.####.....,,,,,*
,,........#.##.####.....,,,,,*
**
,,.............g@Sg.....,,>,,*
*,
,,..#######.##.####.:...,,,,,*
*, **#** #.....####.....,,,,,*
*, #.....#########**'*** *,
#.....#########**'** *,
##+##......####,,,,* *,
##.##......####,,,,* *,
##.##......####,,,,****,
*,**,,,,,,* *,,,,+,,,,


You could see Robin, an adder and a goblin (strong).

Vanquished Creatures
  An adder (D:2)
  2 ball pythons (D:1)
  An endoplasm (D:1)
  2 hobgoblins
  A quokka (D:2)
  4 bats (D:1)
  A frilled lizard (D:1)
  8 goblins
  2 rats (D:1)
22 creatures vanquished.

Vanquished Creatures (others)
  A goblin (D:2)
1 creature vanquished.

Grand Total: 23 creatures vanquished

Notes
Turn   | Place    | Note
-------+----------+-------------------------------------------
     0 | D:1      | ryw the Human Fighter began the quest for the Orb.
     0 | D:1      | Reached XP level 1. HP: 18/18 MP: 1/1
   155 | D:1      | Reached XP level 2. HP: 24/24 MP: 2/2
   463 | D:1      | You fall into a shaft and drop 1 floor!
   487 | D:2      | Noticed Robin
   494 | D:2      | Reached XP level 3. HP: 19/29 MP: 3/3
   515 | D:2      | Slain by a goblin

Illustrated notes

Levels and vault maps discovered:
D:1:      dpeg_arrival_rhombi, layout_basic
D:2:      layout_basic, minmay_goblin_outpost, uniq_robin

Skill      XL: |  1  2  3 |
---------------+----------+-----
Axes           | 3 |  3.1
Fighting       | |  3.4
Armour         | |  3.0
Shields        | |  3.0

Action                     || total
---------------------------++-------
  Melee: War axe           ||    59
    Use: Potion            ||     1
         Scroll            ||     2
 Armour: Scale mail        ||    36
  Dodge: Dodged            ||    30
  Block: Buckler           ||    14

Table legend: (Time is in decaauts)
 A = Elapsed time spent in this place.
 B = Non-inter-level travel time spent in this place.
 C = Inter-level travel time spent in this place.
 D = Time resting spent in this place.
 E = Time spent auto-exploring this place.
 F = Levels seen in this place.
 G = Mean time per level.
                   A        B        C        D        E       F      G
               +--------+--------+--------+--------+--------+-----+--------+
         Total |    539 |    539 |      0 |      0 |    413 |   2 |  269.5 |
       Dungeon |    539 |    539 |      0 |      0 |    413 |   2 |  269.5 |
               +--------+--------+--------+--------+--------+-----+--------+

Top non-repeatable levels by time:
     D:1: 476 daAuts
     D:2: 62 daAuts
